AoeStats
← 海鸥

Nomad

509840075Analyzed
4v4 RM · 3d ago on Sep 28, 2026· 49m 37s· 8 players
Game mode
Random Map
Map size
231×231
Population
200
Speed
Normal
Resources
Standard
Victory
Conquest
Starting age
Dark Age
Ending age
Imperial Age
RankedLock teamsTeams togetherTeam positionsShared explorationLock speedFull tech treeHidden civsTurbo modeCheats
Victory
Defeat
🇨🇳 Jurchens · China
902
+9
🇨🇳 Burgundians · China
828
+12
🇦🇺 Franks · Australia
740
+16
🇮🇳 Khmer · India
707
+17
🇲🇽 Mongols · Mexico
854
-47
🇫🇷 Byzantines · France
848
-17
🇫🇷 Magyars · France
788
-15
🇺🇸 Maya · United States
468
-5
FoXx
3:46 Loom
16:16 Feudal Age
17:08 Town Watch
17:30 Gold Mining
17:29 Double-Bit Axe
23:00 Castle Age
22:27 Stone Mining
23:05 Bloodlines
23:16 Fishing Lines
25:04 Husbandry
25:46 Wheelbarrow
25:33 Gillnets
26:18 Fletching
27:35 Ballistics
27:55 Scale Barding Armor
27:46 Bodkin Arrow
28:03 Horse Collar
28:40 Bow Saw
28:54 Murder Holes
30:12 Chain Barding Armor
32:00 Town Patrol
35:11 Gold Shaft Mining
34:49 Heavy Plow
36:41 Heated Shot
37:10 Hand Cart
43:38 Imperial Age
43:54 Elite Magyar Huszar
44:40 Bracer
45:18 Plate Barding Armor
45:46 Chemistry
45:09 Conscription
45:25 Pikeman
47:16 Halberdier
LeVieuxMachin
5:46 Loom
15:59 Feudal Age
20:43 Castle Age
18:46 Fishing Lines
20:13 Double-Bit Axe
21:54 Gillnets
23:01 Bow Saw
28:41 Imperial Age
28:08 Pikeman
29:46 Ballistics
34:09 Fortified Wall
33:56 Murder Holes
Killerkang
12:36 Loom
19:15 Feudal Age
23:04 Wheelbarrow
24:50 Gold Mining
28:44 Castle Age
26:42 Double-Bit Axe
26:53 Horse Collar
30:28 Fletching
31:49 Hand Cart
32:21 Bow Saw
35:35 Heavy Plow
36:44 Thumb Ring
36:15 Elite Skirmisher
37:52 Caravan
38:12 Stone Mining
38:33 Hul'che Javelineers
39:26 Bodkin Arrow
39:32 Padded Archer Armor
42:12 Imperial Age
TWT
5:48 Loom
19:24 Feudal Age
海鸥
3:46 Loom
17:17 Feudal Age
19:17 Double-Bit Axe
19:23 Fishing Lines
22:33 Castle Age
21:19 Horse Collar
23:45 Bow Saw
24:33 Gillnets
25:25 Stone Mining
27:25 Stone Shaft Mining
26:56 Heavy Plow
27:37 Gold Mining
29:16 Wheelbarrow
28:30 Town Watch
30:24 Hand Cart
34:42 Imperial Age
33:26 Forging
33:21 Scale Barding Armor
34:57 Iron Casting
35:36 Husbandry
35:46 Bloodlines
36:21 Chain Barding Armor
37:01 Gold Shaft Mining
39:27 Blast Furnace
40:15 Conscription
40:47 Crop Rotation
41:00 Guilds
41:01 Elite Iron Pagoda
41:45 Fortified Bastions
46:40 Plate Barding Armor
873108255
4:43 Loom
6:16 Loom
8:11 Fishing Lines
11:20 Wheelbarrow
16:19 Feudal Age
16:57 Man-at-Arms
17:27 Double-Bit Axe
19:03 Forging
18:48 Gillnets
19:15 Horse Collar
22:51 Fletching
28:51 Castle Age
26:47 Stone Mining
28:22 Scale Barding Armor
29:13 Hand Cart
28:43 Town Watch
29:07 Cavalier
30:32 Iron Casting
29:51 Gold Mining
35:57 Gold Shaft Mining
38:09 Bow Saw
38:55 Chain Barding Armor
39:03 Heavy Plow
45:50 Imperial Age
44:11 Scale Mail Armor
44:31 Pikeman
46:06 Crop Rotation
45:57 Halberdier
48:00 Town Patrol
49:59 Two-Man Saw
49:17 Chain Mail Armor
48:54 Demolition Ship
49:49 Medium Warships
50:57 Chemistry
50:18 Ballistics
NEFFEX2532
18:50 Feudal Age
22:52 Double-Bit Axe
24:29 Stone Mining
24:30 Gold Mining
25:44 Padded Archer Armor
25:35 Fletching
25:57 Forging
29:55 Castle Age
32:42 Stone Shaft Mining
32:43 Gold Shaft Mining
50:20 Wheelbarrow
Pro
19:31 Feudal Age
24:08 Castle Age
22:02 Stone Mining
22:01 Double-Bit Axe
26:35 Wheelbarrow
26:49 Bow Saw
27:00 Fletching
29:04 Hand Cart
32:10 Gold Mining
35:46 Imperial Age
35:52 Capped Ram
49:09 Town Watch
Connection lost

Rejoining the realm…

Still unreachable

The connection could not be restored.

Session expired

The server has moved on; the page needs a fresh start.